 Dungeon Crawl Stone Soup version 0.30-a0-799-g109b55a442 (webtiles) character file.

Game seed: 9565044412498301499

30 Esekla the Sneak (level 3, -1/25 (26) HPs)
             Began as an Octopode Delver on Feb 21, 2023.
             Slain by a necrophage (5 damage)
             ... on level 5 of the Dungeon.
             The game lasted 00:01:44 (84 turns).

Esekla the Sneak (Octopode Delver)                    Turns: 84, Time: 00:01:45

HP:   -1/25 (26)    AC:  1    Str: 11    XL:     3   Next: 18%
MP:   3/3           EV: 13    Int: 14    God:
Gold: 0             SH:  0    Dex: 13    Spells: 3/3 levels left

rFire   . . .      SeeInvis .    a - +0 falchion
rCold   . . .      Faith    .    (no shield)
rNeg    . . .      Spirit   .    (helmet restricted)
rPois   .          Reflect  .    (no amulet)
rElec   .          Harm     .    (no ring)
rCorr   .          Rampage  .    (no ring)
Will    .....                    (no ring)
Stlth   ++++                     (no ring)
HPRegen 0.24/turn                (no ring)
MPRegen 0.08/turn                (no ring)
                                 (no ring)
                                 (no ring)

@: lightly drained
A: almost no armour, amphibious, 8 rings, camouflage 1, gelatinous body 1,
(nimble swimmer 1), tentacles
a: no special abilities


You were on level 5 of the Dungeon.
You visited 1 branch of the dungeon, and saw 1 of its levels.

Inventory:

Hand Weapons
 a - a +0 falchion (weapon)
Wands
 f - a wand of digging (3)
Scrolls
 b - a scroll of fog
 c - a scroll of teleportation {unknown}
 d - a scroll of fear
Potions
 e - 2 potions of haste
 g - a potion of degeneration {unknown}


   Skills:
 * Level 3.2 Fighting
 * Level 2.2 Long Blades
 * Level 2.2 Dodging
 + Level 7.1 Stealth
 * Level 0.5 Spellcasting


You had 3 spell levels left.
You didn't know any spells.
Your spell library was empty.

Dungeon Overview and Level Annotations

Branches:
Dungeon (5/15)
 Temple: D:4-7

Altars:

Shops:
D:5 !![


Innate Abilities, Weirdness & Mutations

You cannot wear most types of armour.
You are amphibious.
You can wear up to eight rings at the same time.
Your skin changes colour to match your surroundings (Stealth+).
Your rubbery body absorbs attacks. (AC +1, EV +1)
((You are camouflaged when in or above water. (Stealth+)))
You have tentacles for arms and can constrict up to eight enemies at once.


Message History

The orc priest invokes the aid of Beogh against you.
Pain shoots through your body!
An orc comes into view. It is wielding a +0 dagger.
The orc priest shouts!
The orc priest hits you but does no damage.
The orc moves out of view.
You hit the orc priest but do no damage.
You grab the orc priest. You squeeze the orc priest!
The orc priest is heavily wounded.
You constrict the orc priest.
The orc priest hits you with a +0 dagger.
You hit the orc priest.
The orc priest is severely wounded.
You constrict the orc priest.
The orc priest hits you with a +0 dagger.
You hit the orc priest.
You kill the orc priest!
Your Stealth skill increases to level 7!
You have reached level 2!
You have reached level 3!
Your experience leads to an increase in your attributes!
Increase (S)trength, (I)ntelligence, or (D)exterity?
You feel clever. x2
You hit the orc priest but do no damage.
You grab the orc priest. You constrict the orc priest.
The orc priest hits you with a +0 short sword.
You hit the orc priest.
The orc priest is heavily wounded.
You constrict the orc priest. The orc priest closely misses you.
The orc priest hits you with a +0 short sword.
* * * LOW HITPOINT WARNING * * *
The necrophage hits you.
* * * LOW HITPOINT WARNING * * *
You feel drained.
You hit the orc priest. You tentacle-slap the orc priest.
The orc priest is almost dead.
You constrict the orc priest.
You kill the orc priest!
The necrophage hits you.
You die...

*,,,,* *,* #h.......o..***#...
*,,,,* *,* #...........* ###.
***,,,,****,* #...∩.......* #.
,,,,,,,,,,,,* #...........* #.
,,,,,,******###...........* #.
,,,,,,* #.............* ####.
***+*** #.............* #∩... *,*
#...o#########* #.... *,* #...@#
#.... *,* #...n# #.... *,* #....#
#.... ***,********#(...#*******
#.... *,,,,,,,,,,*#.........n.*
#.... *,,,,,,,,,,*#...........*
*#.... ,,,,,,,,,,,*#...........*
#..... *,,,,,,,,,,*#...........*
#.....
*,,,,,,,,,,*#...........***#...##


You could see a necrophage and an orc.

Vanquished Creatures
  2 orc priests (D:5)
2 creatures vanquished.

Notes
Turn   | Place    | Note
-------+----------+-------------------------------------------
     0 | D:5      | Esekla the Octopode Delver began the quest for the Orb.
     0 | D:5      | Reached XP level 1. HP: 16/16 MP: 1/1
    31 | D:5      | Noticed an orc priest
    49 | D:5      | Noticed a necrophage
    68 | D:5      | Found Fygoec's Armour Emporium.
    69 | D:5      | Found Juteipri's Distillery.
    69 | D:5      | Noticed a black bear
    69 | D:5      | Noticed an orc priest
    75 | D:5      | Noticed a necrophage
    81 | D:5      | Killed an orc priest
    82 | D:5      | Reached skill level 7 in Stealth
    82 | D:5      | Reached XP level 2. HP: 9/21 MP: 2/2
    82 | D:5      | Reached XP level 3. HP: 11/26 MP: 3/3
    84 | D:5      | Slain by a necrophage

Illustrated notes

Levels and vault maps discovered:
D:5:      layout_basic, serial_shops, shop, shop, shop, nicolae_square_shop,
          shop

Skill      XL: |  1 |
---------------+----+-----
Stealth        | 7 |  7.1
Fighting       | |  3.2
Long Blades    | |  2.2
Dodging        | |  2.2
Spellcasting   | |  0.5

Action                     || total
---------------------------++-------
  Melee: Falchion          ||     6
         Constrict         ||     2
         Tentacles         ||     1
         Punch             ||     1
    Use: Scroll            ||     1
 Armour: Skin              ||     1
  Dodge: Dodged            ||     1

Table legend: (Time is in decaauts)
 A = Elapsed time spent in this place.
 B = Non-inter-level travel time spent in this place.
 C = Inter-level travel time spent in this place.
 D = Time resting spent in this place.
 E = Time spent auto-exploring this place.
 F = Levels seen in this place.
 G = Mean time per level.
                   A        B        C        D        E       F      G
               +--------+--------+--------+--------+--------+-----+--------+
         Total |     85 |     85 |      0 |      0 |      0 |   1 |   85.0 |
       Dungeon |     85 |     85 |      0 |      0 |      0 |   1 |   85.0 |
               +--------+--------+--------+--------+--------+-----+--------+

Top non-repeatable levels by time:
     D:5: 85 daAuts
